 Dungeon Crawl Stone Soup version 0.20.1-1-g8b1a95d (webtiles) character file.

65536 dohliylev the Unseen (level 14, -26/103 HPs)
             Began as a Vampire Enchanter on Aug 9, 2017.
             Was an Elder of Nemelex Xobeh.
             Annihilated by Rupert
             ... wielding a +4 triple sword of holy wrath
              (55 damage)
             ... while paralysed by Rupert
             ... on level 12 of the Dungeon.
             The game lasted 03:38:58 (33862 turns).

dohliylev the Unseen (Vampire Enchanter)           Turns: 33862, Time: 03:38:59

Health: -26/103    AC:  8    Str:  7    XL:     14   Next: 75%
Magic:  5/34       EV:  2    Int: 26    God:    Nemelex Xobeh [****..]
Gold:   587        SH:  0    Dex: 15    Spells: 8/28 levels left

rFire    + + .     SeeInvis +   E - +1 short sword "Irotzidu" {pierce, rF++}
rCold    + + .     Gourm    .   u - +3 buckler
rNeg     . . .     Faith    .   c - +1 robe {Archmagi}
rPois    .         Spirit   .   A - +0 helmet
rElec    .         Reflect  .   q - +0 cloak
rCorr    .         Harm     .   d - +1 pair of gloves
MR       +....                  N - +0 pair of boots of Dramatic Exits {rC++}
Stlth    +++++++...             T - amulet "Qaplopn" {*Drain Regen+ Slay+6}
Regen    0.9/turn               t - +4 ring of intelligence
MPRegen  0.3/turn               M - ring of magical power

@: paralysed, regenerating quickly
A: fangs 3, see invisible, unbreathing
a: Triple Draw, Deal Four, Renounce Religion


You were on level 12 of the Dungeon.
You worshipped Nemelex Xobeh.
Nemelex Xobeh was greatly pleased with you.
You were very full.

You visited 4 branches of the dungeon, and saw 21 of its levels.
You also visited: Labyrinth and Ossuary.

You collected 2212 gold pieces.
You spent 1625 gold pieces at shops.

Inventory:

Hand Weapons
 o - a +0 dagger of speed
 E - the +1 short sword "Irotzidu" (weapon) {pierce, rF++}
   (You found it in a labyrinth)

   It inflicts extra damage upon your enemies.
   It greatly protects you from fire.
 F - a +2 vampiric falchion
Armour
 c - a +1 robe of the Archmagi (worn)
 d - a +1 pair of gloves (worn)
 q - a +0 cloak (worn)
 u - a +3 buckler (worn)
 A - a +0 helmet (worn)
 I - a +3 leather armour of cold resistance
 N - the +0 pair of boots of Dramatic Exits (worn) {rC++}
   (You found it in a labyrinth)

   It greatly protects you from cold.
Magical Staves
 f - an uncursed staff of power
Jewellery
 t - a +4 ring of intelligence (left hand)
 M - a ring of magical power (right hand)
 T - the amulet "Qaplopn" (around neck) {*Drain Regen+ Slay+6}
   (You bought it in a shop on level 2 of the Orcish Mines)

   [amulet of regeneration]

   It affects your accuracy and damage with ranged weapons and melee attacks
   (+6).
   It increases your rate of regeneration.
   It causes draining when unequipped.
Scrolls
 i - a scroll of brand weapon
 l - 3 scrolls of amnesia
 m - 6 scrolls of remove curse
 p - 6 scrolls of magic mapping
 y - 2 scrolls of fog
 B - 4 scrolls of identify
 C - 10 scrolls of teleportation
 G - a scroll of vulnerability {unknown}
 L - 3 scrolls of fear
 U - a scroll of enchant weapon
Potions
 b - 28 potions of blood
 e - 6 potions of haste
 h - 5 potions of brilliance
 j - 12 potions of curing
 r - 9 potions of heal wounds
 v - 5 potions of might
 x - 2 potions of ambrosia
 P - a potion of berserk rage {unknown}
 R - a potion of magic
Books
 g - a book of Power

   Spells                             Type                      Level
   a - Iskenderun's Battlesphere      Conjuration/Charms           5
   b - Venom Bolt                     Conjuration/Poison           5
   c - Bolt of Magma                  Conjuration/Fire/Earth       5
   d - Iron Shot                      Conjuration/Earth            6
   e - Orb of Destruction             Conjuration                  7
   f - Spellforged Servitor           Conjuration/Summoning        7
 s - a book of the Dragon

   Spells                             Type                      Level
   a - Flame Tongue                   Conjuration/Fire             1
   b - Cause Fear                     Hexes                        4
   c - Bolt of Fire                   Conjuration/Fire             6
   d - Dragon Form                    Transmutation                7
   e - Dragon's Call                  Summoning                    9
 z - a book of Flames

   Spells                             Type                      Level
   a - Flame Tongue                   Conjuration/Fire             1
   b - Throw Flame                    Conjuration/Fire             2
   c - Conjure Flame                  Conjuration/Fire             3
   d - Inner Flame                    Hexes/Fire                   3
   e - Sticky Flame                   Conjuration/Fire             4
   f - Fireball                       Conjuration/Fire             5
 Z - a book of Ice

   Spells                             Type                      Level
   a - Ice Form                       Ice/Transmutation            4
   b - Metabolic Englaciation         Hexes/Ice                    5
   c - Ozocubu's Refrigeration        Ice                          6
   d - Bolt of Cold                   Conjuration/Ice              6
   e - Freezing Cloud                 Conjuration/Ice/Air          6
   f - Simulacrum                     Ice/Necromancy               6
Miscellaneous
 a - a crystal ball of energy
 k - a plain deck of summoning {drawn: 1}
 n - a plain deck of escape {drawn: 2}
 w - an ornate deck of summoning
 D - an ornate deck of summoning
 H - a plain deck of destruction
 J - a crystal ball of energy
 K - a legendary deck of destruction
 O - a plain deck of escape
 Q - a legendary deck of destruction {drawn: 1}
 S - a plain deck of escape {drawn: 3}
 V - a plain deck of escape {drawn: 1}
 Y - an ornate deck of escape


   Skills:
 - Level 7.0 Fighting
 - Level 8.0 Short Blades
 - Level 15.0 Dodging
 - Level 20.0 Stealth
 - Level 6.0 Shields
 + Level 7.5 Spellcasting
 - Level 0.1 Conjurations
 + Level 9.5 Hexes
 + Level 4.8 Ice Magic
 + Level 1.9 Air Magic
 + Level 2.8 Poison Magic
 - Level 2.6 Invocations
 * Level 3.3 Evocations


You had 8 spell levels left.
You knew the following spells:

 Your Spells              Type           Power        Failure   Level  Hunger
a - Corona                Hex            ######.      1%          1    None
b - Ensorcelled Hibernat  Hex/Ice        ######       1%          2    None
c - Confuse               Hex            ######..     1%          3    None
d - Poisonous Vapours     Pois/Air       ####..       3%          2    None
e - Mephitic Cloud        Conj/Pois/Air  ####....     9%          3    None
f - Olgreb's Toxic Radia  Pois           #####...     19%         4    ##.....
g - Venom Bolt            Conj/Pois      ####......   65%         5    #####..


Dungeon Overview and Level Annotations

Branches:
Dungeon (12/15)            Temple (1/1) D:5            Lair (6/6) D:10
 Shoals (0/4) Lair:4       Spider (0/4) Lair:3        Slime (0/5) Lair:6
    Orc (2/2) D:10            Elf (0/3) Orc:2

Altars:
Ashenzari
Cheibriados
Dithmenos
Elyvilon
Fedhas
Gozag
Hepliaklqana
Kikubaaqudgha
Makhleb
Nemelex Xobeh
Okawaru
Qazlal
Ru
Sif Muna
Trog
Uskayaw
Vehumet
Xom
Yredelemnul
Zin
The Shining One
Beogh
Jiyva

Shops:
Orc:1 %   Orc:2 [}**=

Annotations:
D:12 Rupert


Innate Abilities, Weirdness & Mutations

Your natural rate of healing is unusually fast.
You have razor-sharp teeth.
You have supernaturally acute eyesight. (SInv)
You can survive without breathing.


Message History

Firing (i - inventory): No suitable missiles.
Press: ? - help, Shift-Dir - straight line, f/p - Rupert
Aim: Rupert, wielding a triple sword of holy wrath and wearing a leather armour (severely wounded, poisoned, covering ground quickly)
Okay, then.
Your magical contamination has completely faded away.
Rupert roars wildly at you. You resist with significant effort.
Rupert is no longer moving quickly.
Rupert yells loudly at you.
You suddenly lose the ability to move!
Rupert roars madly and goes into a rage!
Rupert goes berserk!
Rupert hits you with a triple sword of holy wrath!!
You convulse!
Rupert hits you with a triple sword of holy wrath!!!
* * * LOW HITPOINT WARNING * * *
You convulse!!!
Ouch! That really hurt!
You die...
Your body glows with a rainbow of weird colours and disappears.

#........#.# #.#
#........#..#......
#.?......##....##.#
...###
#............#.##.#
#....
#....)...###.#.##.#
##...
#.....))##.....##.#
#####..
#.$........#.####.#
#..##..
#......?#..#@## #.#
#..##..
#######.####@.#
#.#####..#### #!#
##.# #....).....#
#.#
#.###..........##
#.#
#................
#.#
###...#.##..#####
#.# ##........##
#.# #....#.####
#..#.#.# #..##.#.##


You could see Rupert (berserk).

Vanquished Creatures
  A minotaur (Lab)
  4 hydras
  A catoblepas (Lair:5)
  3 two-headed ogres
  3 skeletal warriors
  An unseen horror (D:11)
  8 orc knights (Orc:2)
  A harpy (Lair:6)
  An orc sorcerer (Orc:1)
  A cyclops (Orc:1)
  5 elephants (Lair:6)
  2 oklob plants (Lair:2)
  An ugly thing (D:12)
  A merfolk siren (Lair:4)
  A moth of wrath (Orc:2)
  6 black mambas
  The ghost of ThePrince the Chopper, a novice VSFi (D:7)
  A torpor snail (Lair:2)
  12 spiny frogs
  5 rime drakes
  A centaur skeleton (D:11)
  13 komodo dragons
  4 trolls
  4 polar bears
  5 hornets
  A blink frog (Lair:3)
  4 dream sheep
  12 hippogriffs
  5 redbacks (Lair:3)
  16 spriggans
  37 yaks
  A wraith (Ossuary)
  4 wyverns
  8 hungry ghosts (Lab)
  9 swamp worms (Lair:4)
  9 wargs
  12 water moccasins
  11 porcupines
  3 soldier ants (Lair:6)
  4 sky beasts
  An ice beast (D:8)
  38 orc warriors
  A swamp drake (D:10)
  A hornet zombie (D:6)
  5 phantoms
  A necrophage (D:6)
  A black bear (Lair:6)
  An eye of draining (Lair:3)
  9 ogres
  3 boggarts (Lair:6)
  15 wolves
  13 centaurs
  17 crocodiles
  4 big kobolds
  11 bullfrogs
  A gnoll sergeant (D:10)
  A wyvern skeleton (D:8)
  7 scorpions
  10 killer bees
  A centaur zombie (D:11)
  6 hounds
  7 orc priests
  Crazy Yiuf (D:2)
  3 gnoll shamans
  A jelly (D:8)
  14 orc wizards
  4 bullfrog skeletons
  12 worker ants
  Jessica (D:2)
  5 iguanas
  4 hell rats (Lair:6)
  A big kobold zombie (Ossuary)
  A hound zombie (D:8)
  A hound skeleton (D:4)
  3 mummies (Ossuary)
  A howler monkey zombie (D:10)
  A worker ant zombie (D:5)
  31 gnolls
  2 howler monkey skeletons
  17 adders
  A shadow imp (D:5)
  An ooze (D:4)
  An adder zombie (D:6)
  10 worms (Lair:4)
  2 dart slugs
  7 leopard geckos
  110 orcs
  3 ball pythons
  5 goblins
  2 hobgoblins (D:3)
  26 jackals
  8 quokkas
  4 bats
  4 frilled lizards
  A gnoll zombie (Ossuary)
  A goblin zombie (Ossuary)
  3 hobgoblin zombies (Ossuary)
  A jackal zombie (D:8)
  17 kobolds
  A leopard gecko skeleton (D:3)
  2 orc zombies (Ossuary)
  2 quokka skeletons (D:6)
  A quokka zombie (D:6)
  4 rats
  2 fungi
  2 plants (D:7)
700 creatures vanquished.

Vanquished Creatures (collateral kills)
  A two-headed ogre (D:8)
  3 death yaks (Lair:6)
  An orc knight (Orc:2)
  A troll (D:10)
  2 spriggans (D:8)
  9 yaks
  A golden eye (Lair:6)
  An acid dragon (D:10)
  A water moccasin (Lair:5)
  2 orc warriors
  7 ogres
  A wolf (D:10)
  A centaur (D:7)
  A bullfrog zombie (D:8)
  2 gnoll shamans (D:7)
  4 gnolls
  A worm (D:10)
  8 orcs
  A ball python (D:10)
  A kobold (D:10)
49 creatures vanquished.

Vanquished Creatures (others)
  An orc knight (Orc:1)
  A spiny frog (D:10)
  A polar bear (Lair:6)
  A hornet (Lair:6)
  A spriggan (Lair:6)
  A porcupine (D:10)
  A crocodile (D:10)
  A bullfrog (D:10)
  2 killer bees (D:9)
  2 orc priests (Orc:1)
  2 orc wizards (Orc:1)
  A ball lightning (Orc:1)
  3 orcs (Orc:1)
  A bush (Lair:6)
  19 fungi
  20 plants
58 creatures vanquished.

Grand Total: 807 creatures vanquished

Notes
Turn   | Place    | Note
-------+----------+-------------------------------------------
     0 | D:1      | dohliylev the Vampire Enchanter began the quest for the Orb.
     0 | D:1      | Reached XP level 1. HP: 13/13 MP: 3/3
   430 | D:1      | Reached skill level 5 in Stealth
   462 | D:1      | Reached XP level 2. HP: 18/19 MP: 5/5
   807 | D:2      | Learned a level 2 spell: Ensorcelled Hibernation
   813 | D:2      | Noticed Jessica
   822 | D:2      | Killed Jessica
   822 | D:2      | Reached skill level 6 in Stealth
   822 | D:2      | Reached XP level 3. HP: 20/25 MP: 3/6
   901 | D:2      | Found a blossoming altar of Fedhas.
  1216 | D:2      | Reached XP level 4. HP: 31/31 MP: 3/7
  1341 | D:2      | Found a basalt altar of Yredelemnul.
  1648 | D:2      | Reached skill level 7 in Stealth
  1757 | D:2      | Found a runed door.
  1859 | D:2      | Noticed Crazy Yiuf
  1863 | D:2      | Killed Crazy Yiuf
  1995 | D:3      | Found a white marble altar of Elyvilon.
  2984 | D:4      | Reached skill level 8 in Stealth
  2984 | D:4      | Reached XP level 5. HP: 36/36 MP: 8/8
  3343 | D:3      | Reached skill level 1 in Ice Magic
  3431 | D:4      | Learned a level 3 spell: Confuse
  3584 | D:4      | Reached XP level 6. HP: 42/42 MP: 6/9
  3628 | D:4      | Reached skill level 1 in Fighting
  3628 | D:4      | Reached skill level 9 in Stealth
  4210 | D:4      | Reached skill level 1 in Shields
  4313 | D:4      | Reached skill level 10 in Stealth
  4620 | D:4      | Reached XP level 7. HP: 48/48 MP: 10/10
  5881 | D:4      | Reached skill level 11 in Stealth
  6300 | D:5      | Entered Level 5 of the Dungeon
  6971 | D:5      | Found a staircase to the Ecumenical Temple.
  6975 | Temple   | Entered the Ecumenical Temple
  7167 | Temple   | Became a worshipper of Nemelex Xobeh the Trickster
  7260 | D:5      | Reached skill level 12 in Stealth
  7260 | D:5      | Reached XP level 8. HP: 54/54 MP: 6/11
  7422 | D:5      | Found a white marble altar of Elyvilon.
  7446 | D:5      | Received a gift from Nemelex Xobeh
  7532 | D:5      | Found a hide-covered altar of Uskayaw.
  8018 | D:6      | Reached skill level 5 in Short Blades
  8100 | D:6      | Reached * piety under Nemelex Xobeh
  8101 | D:6      | Reached skill level 13 in Stealth
  8102 | D:6      | Found a sand-covered staircase.
  8107 | Ossuary  | Entered an ossuary
  8697 | D:6      | Reached skill level 14 in Stealth
  9125 | D:6      | Found a sacrificial altar of Ru.
  9573 | D:7      | Reached XP level 9. HP: 50/63 MP: 2/12
  9795 | D:7      | Received a gift from Nemelex Xobeh
  9870 | D:7      | Noticed ThePrince's ghost (novice VSFi)
  9897 | D:7      | Killed ThePrince's ghost
 10141 | D:7      | Reached skill level 5 in Fighting
 10460 | D:7      | Reached skill level 1 in Invocations
 10762 | D:7      | Received a gift from Nemelex Xobeh
 10872 | D:7      | Reached ** piety under Nemelex Xobeh
 11197 | D:8      | Noticed a two-headed ogre
 11234 | D:8      | Killed a two-headed ogre
 11234 | D:8      | Reached XP level 10. HP: 77/77 MP: 13/13
 11514 | D:8      | Reached skill level 5 in Shields
 11847 | D:8      | Reached skill level 5 in Dodging
 12064 | D:8      | Reached skill level 1 in Evocations
 12485 | D:8      | Noticed a two-headed ogre
 12590 | D:8      | Killed a two-headed ogre
 12590 | D:8      | Reached skill level 5 in Hexes
 13641 | D:9      | Received a gift from Nemelex Xobeh
 13788 | D:9      | Reached *** piety under Nemelex Xobeh
 13906 | D:9      | Received a gift from Nemelex Xobeh
 13971 | D:9      | Reached XP level 11. HP: 75/84 MP: 16/16
 14693 | D:9      | Found a shadowy altar of Dithmenos.
 14696 | D:9      | Found a glowing silver altar of Zin.
 14699 | D:9      | Found a snail-covered altar of Cheibriados.
 14702 | D:9      | Found a bloodstained altar of Trog.
 14785 | D:10     | Entered Level 10 of the Dungeon
 14846 | D:10     | Learned a level 2 spell: Poisonous Vapours
 14995 | D:10     | Found a staircase to the Lair.
 15530 | D:10     | Reached skill level 1 in Poison Magic
 15709 | D:10     | Found a staircase to the Orcish Mines.
 15717 | D:10     | Learned a level 3 spell: Mephitic Cloud
 15725 | D:10     | Reached skill level 5 in Spellcasting
 15809 | D:10     | Learned a level 4 spell: Olgreb's Toxic Radiance
 15815 | D:10     | Learned a level 5 spell: Venom Bolt
 15911 | D:10     | Received a gift from Nemelex Xobeh
 15972 | D:10     | Noticed a two-headed ogre
 15982 | D:10     | Killed a two-headed ogre
 16170 | Lair:1   | Entered Level 1 of the Lair of Beasts
 16287 | Lair:1   | Found a labyrinth entrance.
 16293 | Lab      | Entered a labyrinth
 17271 | Lab      | Reached **** piety under Nemelex Xobeh
 17525 | Lab      | Received a gift from Nemelex Xobeh
 17662 | Lab      | Noticed a minotaur
 17685 | Lab      | Killed a minotaur
 17753 | Lab      | Got a warped chain mail
 17764 | Lab      | Identified the cursed +0 chain mail of Doejixtus {+Inv Str+5 Slay+3} (You took it off a minotaur in a labyrinth)
 17804 | Lab      | Got a fine short sword
 17804 | Lab      | Got a pair of shimmering boots
 17823 | Lab      | Identified the cursed +0 pair of boots of Dramatic Exits {rC++} (You found it in a labyrinth)
 17927 | Lair:1   | Identified the +1 short sword "Irotzidu" {pierce, rF++} (You found it in a labyrinth)
 18233 | Lair:1   | Reached XP level 12. HP: 43/91 MP: 21/21
 18870 | Lair:2   | Received a gift from Nemelex Xobeh
 19070 | Lair:2   | Received a gift from Nemelex Xobeh
 19231 | Lair:2   | Reached skill level 10 in Dodging
 19516 | Lair:2   | Reached ***** piety under Nemelex Xobeh
 20209 | Lair:3   | Received a gift from Nemelex Xobeh
 20343 | Lair:3   | Noticed a five-headed hydra
 20401 | Lair:3   | Found a hole to the Spider Nest.
 20758 | Lair:3   | Noticed an eight-headed hydra
 20800 | Lair:3   | Killed an eight-headed hydra
 21056 | Lair:3   | Killed a five-headed hydra
 21250 | Lair:3   | Received a gift from Nemelex Xobeh
 21578 | Lair:4   | Reached skill level 15 in Stealth
 21590 | Lair:4   | Noticed a six-headed hydra
 21600 | Lair:4   | Killed a six-headed hydra
 21808 | Lair:4   | Reached XP level 13. HP: 96/96 MP: 22/22
 21811 | Lair:4   | Received a gift from Nemelex Xobeh
 22255 | Lair:4   | HP: 4/96 [swamp worm (21)]
 22747 | Lair:4   | Found a staircase to the Shoals.
 22779 | Lair:4   | Received a gift from Nemelex Xobeh
 23199 | Lair:4   | Reached skill level 16 in Stealth
 23902 | Lair:5   | You fall through a shaft!
 23902 | Lair:6   | Entered Level 6 of the Lair of Beasts
 23936 | Lair:6   | Reached skill level 17 in Stealth
 24502 | Lair:6   | Reached skill level 18 in Stealth
 25178 | Lair:6   | Received a gift from Nemelex Xobeh
 25212 | Lair:6   | Reached skill level 19 in Stealth
 25562 | Lair:6   | Found a viscous altar of Jiyva.
 25563 | Lair:6   | Found a staircase to the Slime Pits.
 26241 | Lair:5   | Reached skill level 20 in Stealth
 26437 | Lair:5   | Received a gift from Nemelex Xobeh
 27123 | Lair:6   | Reached ****** piety under Nemelex Xobeh
 27520 | Lair:6   | Reached XP level 14. HP: 74/103 MP: 6/23
 28609 | Orc:1    | Entered Level 1 of the Orcish Mines
 28617 | Orc:1    | Received a gift from Nemelex Xobeh
 28672 | Orc:1    | Found Kuawuzxym's Food Shop.
 29296 | Orc:1    | You fall through a shaft!
 29296 | Orc:2    | Entered Level 2 of the Orcish Mines
 29383 | Orc:2    | Found Juud Hau's Antique Armour Boutique.
 29835 | Orc:2    | Reached skill level 15 in Dodging
 29965 | Orc:2    | Reached skill level 1 in Air Magic
 30189 | Orc:2    | Bought a pair of embroidered gloves for 277 gold pieces
 30247 | Orc:2    | Found a staircase to the Elven Halls.
 30818 | Orc:2    | Found a roughly hewn altar of Beogh.
 30831 | Orc:2    | Found Plog's General Store.
 30831 | Orc:2    | Found Qanefiotra's Gadget Shoppe.
 30847 | Orc:2    | Bought a scroll of identify for 30 gold pieces
 30847 | Orc:2    | Bought a scroll of identify for 30 gold pieces
 30849 | Orc:2    | Bought a scroll of teleportation for 45 gold pieces
 30928 | Orc:2    | Received a gift from Nemelex Xobeh
 30935 | Orc:2    | Found Hotya's Jewellery Boutique.
 30935 | Orc:2    | Found Vieddiuth's General Store.
 31056 | Orc:2    | Bought the amulet "Qaplopn" {*Drain Regen+ Slay+6} for 679 gold pieces
 31071 | Orc:2    | Bought a +4 ring of intelligence for 324 gold pieces
 31085 | Orc:2    | Bought 2 scrolls of identify for 64 gold pieces
 31085 | Orc:2    | Bought a scroll of identify for 32 gold pieces
 31085 | Orc:2    | Bought 3 scrolls of teleportation for 144 gold pieces
 33560 | D:12     | Received a gift from Nemelex Xobeh
 33808 | D:12     | Noticed Rupert
 33858 | D:12     | Paralysed by Rupert for 5 turns
 33862 | D:12     | Annihilated by Rupert

Skill      XL: |  1  2  3  4  5  6  7  8  9 10 11 12 13 14 |
---------------+-------------------------------------------+-----
Stealth        | 5 6 8 10 12 14 15 20 | 20.0
Short Blades   | 2 3 4 6 8 |  8.0
Ice Magic      | 1 2 4 |  4.8
Fighting       | 1 3 6 7 |  7.0
Shields        | 1 2 4 6 |  6.0
Invocations    | 2 |  2.6
Dodging        | 3 6 8 12 13 15 | 15.0
Evocations     | 1 3 |  3.3
Hexes          | 5 8 9 |  9.5
Spellcasting   | 3 6 7 |  7.5
Poison Magic   | 1 2 |  2.8
Air Magic      | 1 |  1.9
Conjurations   | |  0.1

Action                   |  1- 3 |  4- 6 |  7- 9 | 10-12 | 13-15 || total
-------------------------+-------+-------+-------+-------+-------++-------
Melee: Dagger            |    45 |   177 |   327 |   269 |       ||   818
       Bite              |     1 |    15 |    25 |    32 |    20 ||    93
       Short sword       |       |       |       |   145 |   437 ||   582
 Cast: Corona            |     1 |     6 |    14 |    21 |    21 ||    63
       Ensorcelled Hiber |     6 |    47 |   107 |   285 |   322 ||   767
       Confuse           |       |       |    14 |    63 |    66 ||   143
       Poisonous Vapours |       |       |       |    16 |   216 ||   232
       Mephitic Cloud    |       |       |       |       |    32 ||    32
       Olgreb's Toxic Ra |       |       |       |       |    16 ||    16
 Abil: End Transformatio |       |     3 |     6 |     6 |     3 ||    18
       Bat Form          |       |     3 |     6 |     6 |     3 ||    18
Evoke: Deck              |       |       |     9 |    15 |    40 ||    64
       Wand              |       |       |     1 |       |       ||     1
  Use: Potion            |       |     4 |     6 |     5 |     2 ||    17
       Scroll            |       |       |     5 |    14 |    23 ||    42
 Stab: Sleeping          |     8 |    39 |    77 |   148 |   179 ||   451
       Distracted        |       |     1 |     2 |     1 |       ||     4
       Confused          |       |       |     8 |    32 |    28 ||    68
  Eat: Corpse            |     3 |     8 |    10 |    33 |    39 ||    93
Armor: Robe              |     8 |    27 |    27 |    10 |    26 ||    98
       Leather armour    |       |       |       |    28 |    25 ||    53
       Skin              |       |       |       |       |     9 ||     9
Dodge: Dodged            |    24 |   110 |    84 |   191 |   417 ||   826
Block: Buckler           |       |    25 |    35 |   112 |   205 ||   377
       Reflection        |       |       |       |     1 |       ||     1
